 Dungeon Crawl Stone Soup version 0.24.0-123-gd5b16e6ec5 (webtiles) character file.

Game seed: 15188493473910806918, levelgen mode: deterministic

66780 mortelune the Cruncher (level 14, -2/82 HPs)
             Began as a Deep Elf Fire Elementalist on Feb 2, 2020.
             Was a High Priest of Vehumet.
             Shot with an arrow by a centaur warrior (27 damage)
             ... on level 13 of the Dungeon.
             The game lasted 01:46:57 (35265 turns).

mortelune the Cruncher (DEFE)                      Turns: 35265, Time: 01:46:58

Health: -2/82      AC: 13    Str:  9    XL:     14   Next: 80%
Magic:  25/31      EV: 22    Int: 24    God:    Vehumet [*****.]
Gold:   967        SH:  3    Dex: 15    Spells: 5/36 levels left

rFire    . . .     SeeInvis +   P - +7 quarterstaff of Riomin {flame, rElec}
rCold    . . .     Gourm    .   (shield currently unavailable)
rNeg     + . .     Faith    .   H - +0 steam dragon scales
rPois    .         Spirit   .   M - +1 helmet
rElec    +         Reflect  +   n - +1 cloak
rCorr    .         Harm     .   (no gloves)
MR       +....                  r - +2 pair of boots {run}
Stlth    +++.......             b - +3 amulet of reflection
HPRegen  0.23/turn              p - ring of the Tormentor {rN+ Str+2 SInv}
MPRegen  0.22/turn              G - +3 ring of evasion

@: quick
A: no striking features
a: Renounce Religion


You were on level 13 of the Dungeon.
You worshipped Vehumet.
Vehumet was extremely pleased with you.
You were hungry.

You visited 3 branches of the dungeon, and saw 21 of its levels.
You also visited: Gauntlet.

You collected 1862 gold pieces.
You spent 895 gold pieces at shops.

Inventory:

Hand Weapons
 N - the +1 hand axe "Nastil" {chop, rF++ rC- Dex+8}
   (You bought it in a shop on level 8 of the Dungeon)

   It inflicts extra damage upon your enemies.
   It affects your dexterity (+8).
   It greatly protects you from fire.
   It makes you vulnerable to cold.
 P - the +7 quarterstaff of Riomin (weapon) {flame, rElec}
   (You found it on level 9 of the Dungeon)

   It has been specially enchanted to burn those struck by it, causing extra
   injury to most foes and up to half again as much damage against particularly
   susceptible opponents.
   It insulates you from electricity.
Armour
 k - the +9 scales of the Dragon King {rPois rF+ rC+ MR+}
   (You found it on level 5 of the Dungeon)

   It protects you from fire.
   It protects you from cold.
   It protects you from poison.
   It affects your resistance to hostile enchantments.
 n - a +1 cloak (worn)
 r - a +2 pair of boots of running (worn)
 H - +0 steam dragon scales (worn)
 M - a +1 helmet (worn)
Jewellery
 b - a +3 amulet of reflection (around neck)
 d - an uncursed ring of positive energy
 p - the ring of the Tormentor (left hand) {rN+ Str+2 SInv}
   (You found it on level 6 of the Lair of Beasts)

   [ring of see invisible]

   It affects your strength (+2).
   It protects you from negative energy.
   It lets you see invisible.
 y - an uncursed ring of flight
 G - a +3 ring of evasion (right hand)
 Z - an uncursed ring of poison resistance
Wands
 E - a wand of paralysis (8)
 F - a wand of enslavement (8)
 L - a wand of digging (1)
 Q - a wand of clouds (6)
 V - a wand of acid (7)
Scrolls
 e - 3 scrolls of enchant weapon
 f - 5 scrolls of immolation
 g - 14 scrolls of teleportation
 j - 5 scrolls of remove curse
 w - a scroll of holy word
 C - 2 scrolls of amnesia
 J - 2 scrolls of vulnerability
 K - 2 scrolls of silence
 S - a scroll of magic mapping
 T - 4 scrolls of fear
 U - a scroll of blinking
 W - 3 scrolls of identify
 Y - a scroll of brand weapon
Potions
 a - a potion of invisibility
 h - 3 potions of flight
 i - 4 potions of haste
 l - 4 potions of heal wounds
 m - a potion of magic
 o - 4 potions of agility
 s - 2 potions of cancellation
 t - a potion of resistance {unknown}
 u - a potion of berserk rage
 v - 2 potions of ambrosia {unknown}
 z - 4 potions of lignification
 A - 2 potions of brilliance {unknown}
 B - 2 potions of might {unknown}
 D - 2 potions of mutation
 I - 6 potions of curing
Miscellaneous
 q - a phantom mirror
Comestibles
 c - 21 rations


   Skills:
 + Level 7.6 Fighting
 - Level 14.0 Staves
 - Level 5.0 Armour
 + Level 10.2 Dodging
 - Level 3.7 Stealth
 + Level 11.7 Spellcasting
 - Level 9.8 Conjurations
 - Level 3.6 Summonings
 + Level 13.4 Fire Magic
 - Level 10.2 Air Magic


You had 5 spell levels left.
You knew the following spells:

 Your Spells              Type           Power        Failure   Level  Hunger
a - Flame Tongue          Conj/Fire      #####        1%          1    None
b - Fireball              Conj/Fire      ######....   1%          5    ###....
c - Conjure Flame         Conj/Fire      ######..     1%          3    None
d - Sticky Flame          Conj/Fire      ######..     1%          4    None
e - Mephitic Cloud        Conj/Pois/Air  #####...     1%          3    None
f - Summon Lightning Spi  Summ/Air       #####...     2%          4    None
g - Summon Butterflies    Summ           ####....     1%          1    None
i - Bolt of Fire          Conj/Fire      ######....   1%          6    #####..
z - Airstrike             Air            ######....   1%          4    None

Your spell library contained the following spells:

 Spells                   Type           Power        Failure   Level  Hunger
 Ozocubu's Refrigeration  Ice            ##........   82%         6    #####..
 Freeze                   Ice            ##..         1%          1    None
 Magic Dart               Conj           ####         1%          1    None
 Sting                    Conj/Pois      ####         1%          1    None
 Summon Small Mammal      Summ           ####         1%          1    None
 Call Imp                 Summ           ####....     1%          2    None
 Poisonous Vapours        Pois/Air       #####.       1%          2    None
 Searing Ray              Conj           ######       1%          2    None
 Throw Flame              Conj/Fire      ######       1%          2    None
 Throw Frost              Conj/Ice       #####.       1%          2    None
 Dazzling Spray           Conj/Hex       #####.       1%          3    None
 Inner Flame              Hex/Fire       #####...     1%          3    None
 Force Lance              Conj/Tloc      #####...     1%          4    None
 Fulminant Prism          Conj/Hex       #####.....   1%          4    None
 Iskenderun's Mystic Bla  Conj           ######..     1%          4    None
 Throw Icicle             Conj/Ice       #####...     1%          4    None
 Call Canine Familiar     Summ           ####....     3%          3    None
 Animate Skeleton         Necr           N/A          4%          1    None
 Apportation              Tloc           ##....       4%          1    None
 Confusing Touch          Hex            ##....       4%          1    None
 Corona                   Hex            ##.....      4%          1    None
 Venom Bolt               Conj/Pois      #####.....   4%          5    ###....
 Summon Guardian Golem    Hex/Summ       ###.....     6%          3    None
 Ensorcelled Hibernation  Hex/Ice        ##....       7%          2    None
 Olgreb's Toxic Radiance  Pois           ##......     12%         4    None
 Confuse                  Hex            ##......     13%         3    None
 Gell's Gravitas          Tloc           ##........   13%         3    None
 Ozocubu's Armour         Chrm/Ice       ##......     13%         3    None
 Tukima's Dance           Hex            ##......     13%         3    None
 Summon Ice Beast         Ice/Summ       ###.....     22%         4    None
 Yara's Violent Unravell  Hex/Tmut       ##........   30%         5    ###....
 Petrify                  Tmut/Erth      ##......     41%         4    None
 Summon Mana Viper        Hex/Summ       ###.....     52%         5    ###....
 Metabolic Englaciation   Hex/Ice        ##........   77%         5    ###....
 Summon Hydra             Summ           ####......   100%        7    ######.


Dungeon Overview and Level Annotations

Branches:
Dungeon (13/15)            Temple (0/1) D:6            Lair (6/6) D:8
 Shoals (0/4) Lair:4        Snake (0/4) Lair:3        Slime (0/5) Lair:6
    Orc (2/2) D:9             Elf (0/3) Orc:2       Gauntlet (visited)
 Vaults: D:13-14

Altars:
Ashenzari
Cheibriados
Dithmenos
Elyvilon
Fedhas
Hepliaklqana
Kikubaaqudgha
Makhleb
Nemelex Xobeh
Okawaru
Ru
Vehumet
Zin
The Shining One

Shops:
D:8 (   D:9 *   D:10 ?   D:11 ?   Orc:1 }   Orc:2 ?((%

Annotations:
D:7 1 runed translucent door, Defined's ghost, novice GnWn
Lair:3 Gastronok
Orc:1 Fannar


Message History

Aim: a scorpion The ball explodes into a vile cloud!
The stinking cloud engulfs the centaur warrior but does no damage.
The centaur warrior is heavily wounded.
The stinking cloud engulfs the scorpion but does no damage.
You hear a shout!
The wolf spider zombie closely misses you.
The wolf spider zombie misses you.
The centaur warrior is engulfed in noxious fumes.
The centaur warrior shoots an arrow.
The arrow hits you!! The wolf spider zombie hits you.
The wolf spider zombie bites you but does no damage.
The scorpion is engulfed in noxious fumes.
The scorpion appears confused.
The scorpion barely misses the centaur warrior.
The wolf spider zombie hits you but does no damage.
The wolf spider zombie barely misses you.
The centaur warrior is engulfed in noxious fumes.
The centaur warrior shoots an arrow.
The arrow hits you!!
You die...

### ## #..#
###.# #...##...
.##
.#.......###...#
.........Z....#
........@...#
..........###
........##..#
..!☼§☼.9. ....#
...☼c○... .###
...s☼§.... ##
..........
......##..#


You could see a centaur warrior, a gargoyle, a scorpion (confused) and a wolf
spider zombie.

Vanquished Creatures
  Kirke (Lair:6)
  A minotaur (Gauntlet)
  Snorg (Lair:4)
  A death knight (D:12)
  10 hydras
  3 two-headed ogres (D:8)
  A tengu warrior (Gauntlet)
  2 death yaks (Lair:6)
  2 orc high priests (Orc:2)
  A skeletal warrior (D:12)
  An unseen horror (D:11)
  A deep elf mage (D:12)
  An orc knight (Orc:2)
  2 oklob plants (Lair:5)
  5 orc sorcerers (Orc:2)
  3 elephants
  A manticore (D:12)
  2 black mambas (Lair:6)
  An ice statue (D:9)
  A torpor snail (Lair:6)
  17 spiny frogs
  4 rime drakes
  A minotaur zombie (Gauntlet)
  2 freezing wraiths (D:12)
  9 komodo dragons
  A queen bee (Lair:2)
  5 trolls
  21 blink frogs
  4 tyrant leeches (Lair:6)
  19 hippogriffs
  3 flying skulls (Gauntlet)
  A shadow (D:11)
  A wraith (D:11)
  27 yaks
  9 wyverns
  2 steam dragons (D:6)
  2 humans (D:7)
  2 basilisks (Lair:5)
  3 hogs (Lair:6)
  A hungry ghost (D:3)
  3 nagas (Lair:3)
  8 vampire mosquitoes
  A warg (Orc:2)
  7 porcupines
  11 water moccasins
  Duvessa (D:4)
  20 orc warriors
  4 phantoms
  3 eyes of draining
  2 ice beasts
  3 sky beasts
  8 wolves
  12 ogres
  A centaur (D:12)
  A big kobold (D:11)
  17 crocodiles
  Blork the orc (D:4)
  21 bullfrogs
  4 scorpions
  Dowan (D:4)
  22 killer bees
  A howler monkey (D:5)
  A vampire bat (D:2)
  A centaur zombie (D:10)
  3 electric eels
  A crimson imp (D:10)
  2 bullfrog zombies (D:11)
  3 bullfrog skeletons
  11 hounds
  4 jellies
  24 orc priests
  A gnoll shaman (D:5)
  An iguana (D:9)
  5 centaur skeletons
  Ijyb (D:3)
  31 orc wizards
  5 worker ants
  A hound skeleton (D:6)
  Robin (D:4)
  A howler monkey zombie (D:11)
  16 gnolls
  14 adders
  3 shadow imps
  7 oozes
  An adder zombie (D:5)
  3 adder skeletons
  3 worms
  3 dart slugs
  9 leopard geckos
  73 orcs
  2 bat skeletons (D:2)
  2 bat zombies (D:2)
  8 giant cockroaches
  9 goblins
  12 hobgoblins
  5 jackals
  6 kobolds
  5 quokkas
  6 ball pythons
  6 bats
  11 frilled lizards
  A leopard gecko skeleton (D:6)
  6 rats
  2 fungi
  3 plants (Lair:5)
640 creatures vanquished.

Vanquished Creatures (collateral kills)
  Urug (Lair:6)
  An elephant (Lair:4)
  A black mamba (Lair:6)
  4 spiny frogs (Lair:6)
  A tengu conjurer (Gauntlet)
  2 blink frogs
  A wraith (D:12)
  2 hogs (Lair:6)
  4 basilisks
  4 yaks
  A naga (Lair:3)
  A water moccasin (Lair:6)
  4 orc warriors
  An ice beast (D:11)
  3 bullfrogs
  2 killer bees (Lair:2)
  An orc wizard (Orc:2)
  An orc priest (Orc:1)
  8 orcs
43 creatures vanquished.

Vanquished Creatures (others)
  A human (Lair:6)
  A vampire mosquito (Lair:6)
  23 fungi
  39 plants
  14 withered plants (Gauntlet)
78 creatures vanquished.

Grand Total: 761 creatures vanquished

Notes
Turn   | Place    | Note
-------+----------+-------------------------------------------
     0 | D:1      | mortelune the Deep Elf Fire Elementalist began the quest
                  | for the Orb.
     0 | D:1      | Reached XP level 1. HP: 10/10 MP: 6/6
   137 | D:1      | Reached XP level 2. HP: 15/15 MP: 6/8
   281 | D:1      | Learned a level 2 spell: Throw Flame
  1104 | D:2      | Reached XP level 3. HP: 19/19 MP: 6/9
  1109 | D:2      | Learned a level 3 spell: Conjure Flame
  1513 | D:2      | Found a snail-covered altar of Cheibriados.
  2220 | D:2      | Found an ancient bone altar of Kikubaaqudgha.
  2227 | D:2      | Reached XP level 4. HP: 17/24 MP: 0/11
  2318 | D:2      | Learned a level 4 spell: Sticky Flame
  2421 | D:3      | Reached XP level 5. HP: 28/28 MP: 12/12
  2805 | D:3      | Noticed Ijyb
  2810 | D:3      | Killed Ijyb
  2976 | D:3      | Reached XP level 6. HP: 32/32 MP: 5/13
  3550 | D:3      | Found a hazy altar of Hepliaklqana.
  3991 | D:3      | Noticed a hungry ghost
  3998 | D:3      | Killed a hungry ghost
  3998 | D:3      | Reached skill level 5 in Spellcasting
  4005 | D:3      | Learned a level 5 spell: Fireball
  4231 | D:3      | Found a burning altar of Makhleb.
  4422 | D:4      | Noticed Blork the orc
  4424 | D:4      | Killed Blork the orc
  4424 | D:4      | Reached XP level 7. HP: 36/36 MP: 8/16
  4611 | D:4      | Noticed Robin
  4886 | D:4      | Killed Robin
  5039 | D:4      | Noticed Duvessa
  5039 | D:4      | Noticed Dowan
  5052 | D:4      | Killed Dowan
  5147 | D:4      | Killed Duvessa
  5498 | D:4      | Found a shattered altar of Ashenzari.
  5761 | D:5      | Entered Level 5 of the Dungeon
  5799 | D:5      | Found a radiant altar of Vehumet.
  5817 | D:5      | Became a worshipper of Vehumet
  6017 | D:5      | Reached XP level 8. HP: 41/41 MP: 2/18
  6364 | D:5      | Found the +9 scales of the Dragon King {rPois rF+ rC+ MR+}
  6751 | D:5      | Found a blossoming altar of Fedhas.
  6862 | D:5      | Found a sacrificial altar of Ru.
  7598 | D:5      | Reached * piety under Vehumet
  7598 | D:5      | Offered knowledge of Freeze by Vehumet.
  8018 | D:6      | Reached skill level 10 in Fire Magic
  8362 | D:6      | Reached XP level 9. HP: 45/45 MP: 13/20
  8559 | D:6      | Found a staircase to the Ecumenical Temple.
  8743 | D:6      | Found a white marble altar of Elyvilon.
  9591 | D:7      | Learned a level 4 spell: Summon Lightning Spire
  9734 | D:7      | Found an iron altar of Okawaru.
  9796 | D:7      | Reached skill level 1 in Armour
  9796 | D:7      | Reached skill level 1 in Air Magic
  9973 | D:7      | Reached skill level 1 in Fighting
 10124 | D:7      | Noticed a tengu warrior
 10124 | D:7      | Noticed Defined's ghost (novice GnWn)
 10127 | D:7      | Found a runed translucent door.
 10280 | D:8      | Noticed a two-headed ogre
 10400 | D:8      | Noticed a two-headed ogre
 10540 | D:8      | Noticed a two-headed ogre
 10595 | D:9      | Found a sparkling altar of Nemelex Xobeh.
 10843 | D:9      | Found a shadowy altar of Dithmenos.
 10951 | D:8      | Found a glowing silver altar of Zin.
 10954 | D:8      | Killed a two-headed ogre
 10954 | D:8      | Reached XP level 10. HP: 52/52 MP: 15/22
 10966 | D:8      | Killed a two-headed ogre
 11095 | D:9      | Found a staircase to the Orcish Mines.
 11205 | D:9      | Found a white marble altar of Elyvilon.
 11205 | D:9      | Noticed an angel
 11206 | D:9      | Found Ivuv's Hallowed Reliquary.
 11212 | D:9      | Bought a potion of curing for 51 gold pieces
 11611 | D:8      | Found a burning altar of Makhleb.
 11671 | D:8      | Reached ** piety under Vehumet
 11750 | D:8      | Offered knowledge of Shock by Vehumet.
 12134 | D:8      | Killed a two-headed ogre
 12134 | D:8      | Reached skill level 1 in Summonings
 12278 | D:8      | Found a staircase to the Lair.
 12285 | D:8      | Found Fucoebaniu's Antique Weapon Boutique.
 12294 | D:8      | Bought a bloodstained hand axe for 184 gold pieces
 12294 | D:8      | Identified the cursed +1 hand axe "Nastil" {chop, rF++ rC-
                  | Dex+8} (You bought it in a shop on level 8 of the Dungeon)
 12588 | D:9      | Noticed an ice statue
 12599 | D:9      | Killed an ice statue
 12600 | D:9      | Reached skill level 5 in Air Magic
 12686 | D:9      | Got an ancient quarterstaff
 12687 | D:9      | Identified the +7 quarterstaff of Riomin {flame, rElec}
                  | (You found it on level 9 of the Dungeon)
 12926 | D:10     | Entered Level 10 of the Dungeon
 13092 | D:10     | Reached skill level 1 in Staves
 13609 | D:10     | Found Mintah's Magic Scroll Shop.
 13615 | D:10     | Bought 2 scrolls of magic mapping for 77 gold pieces
 13615 | D:10     | Bought a scroll of fear for 38 gold pieces
 13615 | D:10     | Bought a scroll of teleportation for 33 gold pieces
 13633 | D:10     | Reached XP level 11. HP: 60/60 MP: 15/25
 13637 | D:10     | Offered knowledge of Mephitic Cloud by Vehumet.
 13715 | D:10     | Learned a level 3 spell: Mephitic Cloud
 14062 | Lair:1   | Entered Level 1 of the Lair of Beasts
 14068 | Lair:1   | Reached skill level 2 in Staves
 14631 | Lair:1   | Reached skill level 3 in Staves
 15534 | Lair:2   | Reached skill level 4 in Staves
 15850 | Lair:2   | Noticed a five-headed hydra
 15945 | Lair:2   | Killed a five-headed hydra
 15945 | Lair:2   | Reached *** piety under Vehumet
 16100 | Lair:2   | Reached skill level 5 in Staves
 16223 | Lair:2   | You fall into a shaft and drop 1 floor!
 16224 | Lair:3   | Noticed Gastronok
 16562 | Lair:2   | Reached skill level 6 in Staves
 16892 | Lair:2   | Offered knowledge of Static Discharge by Vehumet.
 17031 | Lair:2   | Learned a level 1 spell: Summon Butterflies
 18353 | Lair:3   | Found a staircase to the Snake Pit.
 18365 | Lair:3   | Reached XP level 12. HP: 44/67 MP: 15/26
 18367 | Lair:3   | Reached skill level 7 in Staves
 18786 | Lair:3   | Reached **** piety under Vehumet
 19257 | Lair:4   | Offered knowledge of Bolt of Magma by Vehumet.
 19405 | Lair:4   | Learned a level 5 spell: Bolt of Magma
 19583 | Lair:4   | Reached skill level 8 in Staves
 19633 | Lair:4   | Found a gate leading to a gauntlet.
 19637 | Lair:4   | Found a staircase to the Shoals.
 19642 | Gauntlet | Entered a Gauntlet
 19642 | Gauntlet | Found a transporter.
 19642 | Gauntlet | Found a transporter.
 19642 | Gauntlet | Found a large runed translucent door.
 19642 | Gauntlet | Found a large runed translucent door.
 19642 | Gauntlet | Found a large runed translucent door.
 19642 | Gauntlet | Found a large runed translucent door.
 19642 | Gauntlet | Found a large runed translucent door.
 19642 | Gauntlet | Found a large runed translucent door.
 19642 | Gauntlet | Found a runed translucent door.
 19642 | Gauntlet | Found a runed translucent door.
 19642 | Gauntlet | Found a large runed translucent door.
 19642 | Gauntlet | Found a large runed translucent door.
 19642 | Gauntlet | Found a large runed translucent door.
 19642 | Gauntlet | Found a large runed translucent door.
 19642 | Gauntlet | Found a large runed translucent door.
 19642 | Gauntlet | Found a large runed translucent door.
 19700 | Gauntlet | Found a transporter.
 19700 | Gauntlet | Found a transporter.
 19709 | Gauntlet | Found a transporter.
 19722 | Gauntlet | Found a transporter.
 19732 | Gauntlet | Found a transporter.
 19732 | Gauntlet | Found a transporter.
 19732 | Gauntlet | Noticed an entropy weaver
 19735 | Gauntlet | Found a transporter.
 19762 | Gauntlet | Found a transporter.
 19767 | Gauntlet | Noticed a death ooze
 19769 | Gauntlet | Found a transporter.
 19782 | Gauntlet | Found a large runed translucent door.
 19783 | Gauntlet | Found a large runed translucent door.
 19785 | Gauntlet | Found a runed translucent gate.
 19786 | Gauntlet | Found a runed translucent gate.
 19786 | Gauntlet | Noticed a tengu warrior
 19787 | Gauntlet | Found a runed translucent gate.
 19787 | Gauntlet | Found a transporter.
 19805 | Gauntlet | Found a large runed translucent door.
 19806 | Gauntlet | Found a large runed translucent door.
 19833 | Gauntlet | Found a transporter.
 19851 | Gauntlet | Found a transporter.
 19951 | Gauntlet | Found a transporter.
 19965 | Gauntlet | Found a transporter.
 20119 | Gauntlet | Killed a tengu warrior
 20385 | Gauntlet | Identified a +0 pair of boots of running (You found it in a
                  | Gauntlet)
 20542 | Gauntlet | Noticed a minotaur
 20573 | Gauntlet | Killed a minotaur
 20573 | Gauntlet | Reached skill level 5 in Fighting
 20573 | Gauntlet | Reached skill level 5 in Armour
 20984 | Lair:4   | Reached skill level 9 in Staves
 21145 | Lair:4   | Noticed a six-headed hydra
 21150 | Lair:4   | Killed a six-headed hydra
 21480 | Lair:4   | Noticed Snorg
 21512 | Lair:4   | Killed Snorg
 21990 | Lair:4   | Noticed an eight-headed hydra
 22055 | Lair:4   | Killed an eight-headed hydra
 22452 | Lair:5   | Reached skill level 10 in Staves
 22972 | Lair:5   | Reached XP level 13. HP: 73/73 MP: 12/27
 23742 | Lair:5   | Reached skill level 11 in Staves
 24441 | Lair:5   | Reached skill level 10 in Air Magic
 25329 | Lair:5   | Reached ***** piety under Vehumet
 25329 | Lair:5   | Offered knowledge of Bolt of Fire by Vehumet.
 25452 | Lair:6   | Entered Level 6 of the Lair of Beasts
 25744 | Lair:5   | Reached skill level 12 in Staves
 26313 | Lair:6   | Reached skill level 10 in Spellcasting
 27189 | Lair:6   | Reached skill level 13 in Staves
 27271 | Lair:6   | Noticed Urug
 27307 | Lair:6   | Reached XP level 14. HP: 80/80 MP: 2/30
 27498 | Lair:6   | Killed Urug
 27715 | Lair:6   | Noticed Kirke
 27731 | Lair:6   | Killed Kirke
 27980 | Lair:6   | Found a glowing golden altar of the Shining One.
 28209 | Lair:6   | Found a staircase to the Slime Pits.
 29293 | Lair:6   | Got a fine glass ring
 29297 | Lair:6   | Identified the ring of the Tormentor {rN+ Str+2 SInv} (You
                  | found it on level 6 of the Lair of Beasts)
 29308 | Lair:6   | Got a scorched scimitar
 29309 | Lair:6   | Identified the +5 scimitar "Ralonigg" {speed, Str-3 Dex+3
                  | SInv} (You found it on level 6 of the Lair of Beasts)
 29327 | Lair:6   | Learned a level 6 spell: Bolt of Fire
 29641 | D:11     | Found Hotymifo's Magic Scroll Shop.
 29669 | D:11     | Bought a scroll of holy word for 97 gold pieces
 29669 | D:11     | Bought a scroll of blinking for 97 gold pieces
 29669 | D:11     | Bought a scroll of fear for 45 gold pieces
 29669 | D:11     | Bought a scroll of teleportation for 39 gold pieces
 30508 | D:12     | Offered knowledge of Airstrike by Vehumet.
 30676 | D:11     | Learned a level 4 spell: Airstrike
 31727 | Orc:1    | Entered Level 1 of the Orcish Mines
 31732 | Orc:1    | You fall into a shaft and drop 1 floor!
 31732 | Orc:2    | Entered Level 2 of the Orcish Mines
 31764 | Orc:2    | Reached skill level 14 in Staves
 32190 | Orc:1    | Noticed an orc warlord
 32190 | Orc:1    | Noticed Fannar
 32522 | Orc:2    | Found a staircase to the Elven Halls.
 33015 | Orc:1    | Found Zacutiop's Gadget Shoppe.
 33179 | Orc:2    | Reached skill level 10 in Dodging
 33992 | Orc:2    | Found Comiser's Magic Scroll Boutique.
 33992 | Orc:2    | Found Ribiunt's Food Shop.
 33992 | Orc:2    | Found Waneim's Weapon Shop.
 33997 | Orc:2    | Found Tituwi's Antique Weapon Boutique.
 34462 | Orc:2    | Bought 3 scrolls of identify for 78 gold pieces
 34462 | Orc:2    | Bought a scroll of identify for 26 gold pieces
 34462 | Orc:2    | Bought a scroll of identify for 26 gold pieces
 34462 | Orc:2    | Bought a scroll of identify for 26 gold pieces
 34462 | Orc:2    | Bought a scroll of teleportation for 39 gold pieces
 34462 | Orc:2    | Bought a scroll of teleportation for 39 gold pieces
 34463 | Orc:2    | Identified a scroll of acquirement
 34471 | Orc:2    | Got a pair of faintly humming boots
 34482 | Orc:2    | Identified the +2 pair of boots of the Final Blessings
                  | {Int+4} (You acquired it on level 2 of the Orcish Mines)
 35076 | D:13     | Offered knowledge of Ozocubu's Refrigeration by Vehumet.
 35265 | D:13     | Shot with an arrow by a centaur warrior

Levels and vault maps discovered:
D:1:      scummos_arrival_star, layout_basic
D:2:      layout_basic, kennysheep_vampire_church, lemuel_doored_altar
D:3:      layout_basic, overflow_temple_1_default, st_stairs_1,
          grunt_ministairs_3, makhleb_blood_cavern_becter, uniq_ijyb
D:4:      layout_loops_ring, ashenzari_altar_1, first_ration, uniq_duvessa,
          uniq_blork_the_orc, uniq_robin
D:5:      layout_gridville, lemuel_crystal_altar, nicolae_ru_awakened_eye,
          kennysheep_little_box, minmay_tree_intersection,
          minmay_manual_monstrance
D:6:      kennysheep_steamy, layout_basic, elyvilon_altar_1,
          minmay_temple_entry_hall
D:7:      layout_rooms, okawaru_humans, ebering_ghost_inner_flame
D:8:      layout_rooms, nicolae_overflow_crystal_walls, lemuel_round_altar,
          lair_entry_dummy, serial_shops, nicolae_shop_crystal
D:9:      lemuel_ice_statue, layout_basic,
          nicolae_dithmenos_through_a_glass_darkly, old_standard_altar,
          david_orc_3, grunt_ogre_cave, nicolae_benzene_ring, eino_tiny_chamber,
          nicolae_good_shop
D:10:     layout_loops_ring, serial_shops, shop
D:11:     kennysheep_blocky_room, layout_rooms, serial_shops, shop_fountains
D:12:     layout_rooms, minmay_misc_feat_four_crosses
D:13:     layout_cave_pools, david_vaults_1, lemuel_flamethrower_2
Lair:1:   layout_hall_layers
Lair:2:   layout_roguey, special_room [special_room_bee],
          infiniplex_staircase_pool_2, grunt_megastairs_1
Lair:3:   layout_cave_pods, minmay_snake_entry_guardpost_small, uniq_gastronok
Lair:4:   layout_regular_city, shoals_dummy_entry, gauntlet_entry_generic,
          uniq_snorg
Lair:5:   layout_roguey [special_room_mythical_zoo], minmay_lair_oklob_chamber,
          grunt_megastairs_5, serial_bayou_shore_a
Lair:6:   minmay_lair_end_frog_pond, layout_regular_city,
          nicolae_slime_entry_slimehenge, basic_altar, uniq_urug, uniq_kirke
Orc:1:    layout_caves, serial_shops, nicolae_shop_behind_doors, uniq_fannar
Orc:2:    st_orc_mages, layout_diamond_mine

Skill      XL: |  1  2  3  4  5  6  7  8  9 10 11 12 13 14 |
---------------+-------------------------------------------+-----
Stealth        | 3 |  3.7
Conjurations   | 2 8 9 |  9.8
Fire Magic     | 4 8 9 10 11 12 13 | 13.4
Dodging        | 6 7 8 10 | 10.2
Spellcasting   | 5 6 7 8 10 11 | 11.7
Armour         | 1 3 4 5 |  5.0
Air Magic      | 2 5 7 9 10 | 10.2
Fighting       | 1 3 4 5 6 7 |  7.6
Summonings     | 2 3 |  3.6
Staves         | 1 6 10 13 14 | 14.0

Action                   |  1- 3 |  4- 6 |  7- 9 | 10-12 | 13-15 || total
-------------------------+-------+-------+-------+-------+-------++-------
Melee: Trident           |       |       |    10 |     5 |       ||    15
       Quarterstaff      |       |       |       |    85 |   233 ||   318
 Cast: Flame Tongue      |    25 |    23 |    80 |   154 |   251 ||   533
       Throw Flame       |    31 |    49 |   135 |    40 |       ||   255
       Conjure Flame     |     1 |     2 |     2 |     7 |     6 ||    18
       Sticky Flame      |       |     4 |    21 |    65 |    91 ||   181
       Fireball          |       |       |    24 |   103 |   206 ||   333
       Summon Lightning  |       |       |       |    16 |    23 ||    39
       Mephitic Cloud    |       |       |       |    13 |    16 ||    29
       Summon Butterflie |       |       |       |     1 |       ||     1
       Bolt of Magma     |       |       |       |    12 |     4 ||    16
       Bolt of Fire      |       |       |       |       |    15 ||    15
       Airstrike         |       |       |       |       |     5 ||     5
 Abil: Evoke Flight      |       |       |       |     1 |       ||     1
  Use: Scroll            |       |     7 |     8 |    16 |    11 ||    42
       Potion            |       |     1 |       |     5 |     1 ||     7
 Stab: Confused          |       |       |       |     1 |     1 ||     2
       Distracted        |       |       |       |       |     2 ||     2
  Eat: Chunk             |     5 |     8 |    18 |    26 |    41 ||    98
       Ration            |       |       |     3 |    12 |     9 ||    24
Armor: Robe              |     3 |     1 |     7 |       |       ||    11
       Steam dragon scal |       |       |     4 |    65 |    85 ||   154
Dodge: Dodged            |    12 |     4 |    33 |   183 |   260 ||   492
Block: Other             |     1 |     1 |     8 |    35 |    36 ||    81
       Reflection        |       |       |       |       |     1 ||     1
